 Dungeon Crawl Stone Soup version 0.31-a0-819-gf6de2f5ab6 (webtiles) character file.

Game seed: 11159180657142423586

142644 AzuretheShark the Scorcher (level 17, -12/106 HPs)
             Began as a Tengu Air Elementalist on Sept 21, 2023.
             Was a High Priest of Vehumet.
             Shot with a bolt by Vashnia (30 damage)
             ... on level 4 of the Snake Pit on Sept 24, 2023.
             The game lasted 01:34:18 (48602 turns).

AzuretheShark the Scorcher (TeAE)                  Turns: 48602, Time: 01:34:19

Health: -12/106    AC:  9    Str: 13    XL:     17   Next: 35%
Magic:  3/32       EV: 20    Int: 27    God:    Vehumet [*****.]
Gold:   1501       SH:  0    Dex: 12    Spells: 3/36 levels left

rFire   . . .        Y - +6 spear of Lust {spect, rPois Int+4 Dex-2}
rCold   . . .        (no shield)
rNeg    . . .        w - +2 robe {Will+}
rPois   +            (helmet restricted)
rElec   .            e - +1 cloak
rCorr   .            C - +2 pair of gloves {Str+3}
SInv    .            (boots unavailable)
Will    +++..        k - amulet of regeneration
Stlth   ++           i - ring of willpower
HPRegen 1.17/turn    P - ring of wizardry
MPRegen 0.23/turn

%: acrobat, wizardry (x1)
@: flying
A: beak, talons 3, evasive flight, acrobatic
a: Renounce Religion


You were on level 4 of the Snake Pit.
You worshipped Vehumet.
Vehumet was extremely pleased with you.
You visited 5 branches of the dungeon, and saw 27 of its levels.

You collected 2027 gold pieces.
You spent 526 gold pieces at shops.

Inventory:

Hand Weapons
 S - the +1 morningstar "Akeonkoy" {flame, rCorr Str+3}
   (You found it on level 5 of the Lair of Beasts)

   Str+3:     It affects your strength (+3).
   rCorr:     It protects you from acid and corrosion.
 Y - the +6 spear of Lust (weapon) {spect, rPois Int+4 Dex-2}
   (You took it off a human on level 10 of the Dungeon)

   Int+4:     It affects your intelligence (+4).
   Dex-2:     It affects your dexterity (-2).
   rPois:     It protects you from poison
Missiles
 B - a throwing net
Armour
 e - a +1 cloak (worn)
 w - a +2 robe of willpower (worn)
 C - a +2 pair of gloves of strength (worn)
Magical Staves
 d - a staff of death
Jewellery
 g - a ring of resist corrosion
 i - a ring of willpower (left hand)
 k - an amulet of regeneration (around neck)
 u - a ring of protection from cold
 z - a ring of protection from cold
 N - an amulet of guardian spirit
 P - a ring of wizardry (right hand)
 W - a ring of fire
Talismans
 G - a maw talisman
Wands
 a - a wand of mindburst (8)
 b - a wand of roots (3)
 s - a wand of digging (6)
 H - a wand of flame (26)
 J - a wand of polymorph (10)
 O - a wand of acid (5)
Scrolls
 f - a scroll of noise
 h - a scroll of silence
 j - a scroll of brand weapon
 l - 8 scrolls of teleportation
 n - 2 scrolls of fear
 p - 2 scrolls of amnesia
 t - 5 scrolls of blinking
 v - a scroll of poison
 x - 2 scrolls of revelation {unknown}
 y - 2 scrolls of torment {unknown}
 E - 5 scrolls of immolation {unknown}
 F - 3 scrolls of fog {unknown}
 I - 5 scrolls of enchant weapon {unknown}
 M - a scroll of vulnerability {unknown}
 R - 9 scrolls of identify
Potions
 c - 8 potions of curing
 m - 2 potions of lignification
 o - 4 potions of enlightenment
 q - 3 potions of degeneration
 r - 3 potions of mutation
 K - a potion of haste
 L - a potion of might
 Q - 2 potions of ambrosia {unknown}
 X - 3 potions of heal wounds {unknown}
 Z - 2 potions of resistance {unknown}
Miscellaneous
 T - a phantom mirror (inert)
 U - a lightning rod (inert)
 V - a tin of tremorstones (2/2)


   Skills:
 - Level 12.0 Fighting
 - Level 4.0 Staves
 - Level 10.0 Dodging
 - Level 2.0 Stealth
 - Level 10.0 Spellcasting
 + Level 10.7 Conjurations
 - Level 19.0 Fire Magic
 - Level 17.1 Air Magic
 - Level 10.0 Evocations


You had 3 spell levels left.
You knew the following spells:

 Your Spells              Type           Power      Damage    Failure   Level
a - Shock                 Conj/Air       100%       1d9       0%          1
b - Static Discharge      Conj/Air       100%       2-7/arc   0%          2
c - Swiftness             Air            82%        N/A       0%          3
d - Airstrike             Air            41%        2d(6-22)  1%          4
e - Plasma Beam           Fire/Air       42%        2x1d56    1%          6
f - Blink                 Tloc           26%        N/A       2%          2
g - Ignition              Fire           43%        3d12      1%          8
h - Orb of Destruction    Conj           32%        9d10      5%          7

Your spell library contained the following spells:

 Spells                   Type           Power      Damage    Failure   Level
 Bombard                  Conj/Erth      21%        9d4       9%          6
 Foxfire                  Conj/Fire      100%       2x1d9     0%          1
 Apportation              Tloc           26%        N/A       1%          1
 Kiss of Death            Conj/Necr      100%       2d13      1%          1
 Momentum Strike          Conj/Tloc      84%        3d10      1%          2
 Poisonous Vapours        Pois/Air       100%       N/A       1%          2
 Ignite Poison            Fire/Tmut/Pois 47%        N/A       1%          3
 Inner Flame              Hex/Fire       60%        N/A       1%          3
 Mephitic Cloud           Conj/Pois/Air  59%        N/A       1%          3
 Ensorcelled Hibernation  Hex/Ice        26%        N/A       2%          2
 Jinxbite                 Hex            26%        N/A       2%          2
 Lesser Beckoning         Tloc           26%        N/A       2%          2
 Passwall                 Tmut/Erth      10%        N/A       2%          2
 Sublimation of Blood     Necr           13%        N/A       2%          2
 Confusing Touch          Hex            13%        N/A       5%          3
 Gell's Gravitas          Tloc           13%        N/A       5%          3
 Teleport Other           Tloc           13%        N/A       5%          3
 Tukima's Dance           Hex            13%        N/A       5%          3
 Flame Wave               Conj/Fire      76%        2d17      1%          4
 Sticky Flame             Conj/Fire      76%        2d9       1%          4
 Summon Lightning Spire   Summ/Air       56%        N/A       1%          4
 Freezing Cloud           Conj/Ice/Air   29%        6-21      1%          5
 Irradiate                Conj/Tmut      21%        3d18      1%          5
 Conjure Ball Lightning   Conj/Air       36%        3x3d12    1%          6
 Starburst                Conj/Fire      38%        6d11      1%          6
 Yara's Violent Unravell  Hex/Tmut       6%         3d5       13%         5
 Dispel Undead            Necr           13%        3d9       16%         4
 Passage of Golubria      Tloc           13%        N/A       16%         4
 Petrify                  Tmut/Erth      13%        N/A       16%         4
 Alistair's Intoxication  Tmut/Pois      8%         N/A       41%         5
 Discord                  Hex            6%         N/A       100%        8
 Disjunction              Tloc           6%         N/A       100%        8


Dungeon Overview and Level Annotations

Branches:
Dungeon (15/15)            Temple (1/1) D:5            Lair (5/5) D:11
  Swamp (0/4) Lair:3        Snake (4/4) Lair:3        Slime (0/5) Lair:4
    Orc (2/2) D:12            Elf (0/3) Orc:2        Vaults (0/5) D:13
 Depths (0/4) D:15

Altars:
Ashenzari
Cheibriados
Dithmenos
Elyvilon
Fedhas
Gozag
Hepliaklqana
Kikubaaqudgha
Makhleb
Nemelex Xobeh
Okawaru
Qazlal
Ru
Sif Muna
Trog
Uskayaw
Vehumet
Wu Jian
Xom
Yredelemnul
Zin
The Shining One
Jiyva

Shops:
D:3 =([(:   D:15 (   Orc:2 (*=[   Snake:1 [   Snake:4 *

Annotations:
D:3 2 transporters, tinfoiltophat's ghost, novice DjFE
D:8 Jeremiah
D:9 2 transporters, exclusion: downstairs
D:12 3 runed translucent doors, Newt's ghost, journeyman KoHu; Sundig's ghost, journeyman DgFi; soul19's ghost, journeyman GnIE
Lair:4 exclusion: downstairs
Snake:2 exclusion: downstairs
Snake:4 Vashnia
Orc:2 1 runed translucent door, Deaus's ghost, journeyman VSFi


Innate Abilities, Weirdness & Mutations

You have a beak for a mouth.
You have claws for feet.
Your magical flight helps you evade attacks. (EV +4)
You can magically evade attacks while moving or waiting.


Message History

You kill the naga!
Vehumet accepts your kill.
You feel your power returning.
The fiery plasma hits Vashnia!!
Vashnia is heavily wounded.
Vashnia shoots a bolt.
The bolt hits you!!! The bolt freezes you!
* * * LOW HITPOINT WARNING * * *
Aiming: Phantom Mirror
Press: ? - help, Dir - move target, f - Vashnia
Aim: Vashnia, wielding a +3 arbalest of freezing and wearing a +2 barding of stealth (heavily wounded)
You reflect Vashnia with the mirror!
The mirror clouds!
Vashnia shoots a bolt.
The bolt hits you!!
* * * LOW HITPOINT WARNING * * *
The bolt freezes you!
* * * LOW HITPOINT WARNING * * *
Vashnia spits poison at Vashnia.
The splash of poison hits Vashnia.
Vashnia is poisoned.
Okay, then.
Okay, then.
You feel better.
Vashnia shoots a bolt.
The bolt hits Vashnia!
The bolt freezes Vashnia.
Vashnia shoots a bolt.
The bolt hits Vashnia!!
The bolt freezes Vashnia.
Casting: Plasma Beam (safe; 1% risk of failure)
Confirm with . or Enter, or press ? or * to list all spells.
Aiming: Orb of Destruction (dangerous; 5% risk of failure)
Press: ? - help, Shift-Dir - straight line, f/p - Vashnia
Aim: Vashnia, wielding a +3 arbalest of freezing and wearing a +2 barding of stealth (severely wounded, not watching you, poisoned, ally target) Vashnia shoots a bolt.
The bolt hits Vashnia!!
The bolt freezes Vashnia.
Vashnia casts a spell.
Vashnia blinks!
The orb of destruction hits Vashnia!!!
Vashnia is almost dead.
Casting: Orb of Destruction (dangerous; 5% risk of failure)
Confirm with . or Enter, or press ? or * to list all spells.
Aiming: Orb of Destruction (dangerous; 5% risk of failure)
Press: ? - help, Shift-Dir - straight line, f/p - Vashnia
Aim: Vashnia, wielding a +3 arbalest of freezing and wearing a +2 barding of stealth (almost dead, poisoned, ally target) Vashnia says, "You'll make a fine pincushion."
Vashnia shoots a bolt.
The bolt hits you!!
You die...
Vashnia says, "Headshot."

#......#........###...##
###.#...).........##.....##
#..)..............##.####..
#####.##..........#..# ###
#.......##....#..#####
#..#§N#####..........#
#####○.## ##......####
#.*.## ##..####
#.@.N####[.#
#######.........### ##
###...###...........## ##.
##..###.......##..##..###.#
#.####...........####.....#
### #.........<..# ###...#
#.#.#.......## ##..#
####..##.......# ##..
###....###.......# ##.


You could see Vashnia (poisoned, ally target) and the friendly Vashnia
(summoned, catching breath, drained).

Vanquished Creatures
  3 nagarajas
  An orc warlord (Orc:2)
  A stone giant (D:15)
  A minotaur (D:15)
  Josephine (Snake:1)
  A salamander tyrant (Snake:1)
  4 vault guards (D:13)
  2 ogre magi
  A catoblepas (Lair:4)
  4 centaur warriors
  A death knight (D:15)
  3 boulder beetles
  A death yak (Lair:5)
  4 anacondas
  3 two-headed ogres (D:14)
  10 naga warriors
  An orc high priest (Orc:2)
  6 shock serpents
  9 naga sharpshooters
  A skyshark (Lair:5)
  10 salamander mystics
  5 skeletal warriors (D:12)
  2 goliath frogs (Lair:5)
  5 naga ritualists
  2 bog bodies (Lair:3)
  A phantasmal warrior (D:15)
  A wizard (D:14)
  8 orc knights
  Pikel (D:6)
  2 deep elf pyromancers
  2 mana vipers (Snake:3)
  A wolf spider (D:14)
  4 orc sorcerers
  6 cyclopes
  5 oklob plants
  22 salamanders
  3 manticores
  6 ugly things (D:14)
  22 elephants
  Joseph (D:9)
  27 black mambas
  A black mamba (shapeshifter) (D:15)
  21 cane toads
  5 guardian serpents
  4 gargoyles (D:13)
  10 naga magi
  2 rime drakes (Lair:5)
  2 torpor snails
  15 komodo dragons
  2 freezing wraiths (D:15)
  9 trolls
  2 tyrant leeches (Lair:5)
  A hornet (D:10)
  A polar bear (Lair:4)
  15 blink frogs
  14 dream sheep (Lair:5)
  A shadow (D:11)
  12 slime creatures
  Sigmund (D:6)
  7 wraiths
  56 yaks
  4 wyverns
  2 steam dragons
  6 humans
  Grum (D:9)
  5 vampire mosquitoes
  4 basilisks
  2 swamp worms (Lair:3)
  2 wargs (D:15)
  32 nagas
  2 acid dragons
  16 water moccasins
  26 orc warriors
  A sky beast (D:8)
  Duvessa (D:6)
  4 ice beasts
  2 black bears (D:5)
  4 ogres
  8 wolves
  A centaur (D:7)
  A lemure (D:6)
  24 bullfrogs
  A kobold brigand (D:11)
  Blork the orc (Orc:2)
  A gnoll sergeant (D:12)
  A scorpion (D:4)
  5 wights (D:7)
  Dowan (D:6)
  19 killer bees
  2 electric eels
  4 lava snakes
  4 howler monkeys
  A gnoll bouda (D:9)
  16 orc priests
  4 hounds
  A jelly (D:5)
  An iguana (D:4)
  A sleepcap (D:6)
  23 orc wizards
  Robin (D:4)
  11 gnolls
  5 adders
  2 white imps
  An ufetubus (D:5)
  2 worms
  4 dart slugs
  51 orcs
  6 bats
  5 endoplasms
  3 giant cockroaches (D:3)
  14 goblins
  14 hobgoblins
  6 jackals
  7 kobolds
  6 quokkas
  8 ball pythons
  8 frilled lizards
  7 rats
770 creatures vanquished.

Notes
Turn   | Place    | Note
-------+----------+-------------------------------------------
     0 | D:1      | AzuretheShark the Tengu Air Elementalist began the quest
                  | for the Orb.
     0 | D:1      | Reached XP level 1. HP: 10/10 MP: 4/4
   144 | D:1      | Reached XP level 2. HP: 15/15 MP: 4/6
   572 | D:1      | Learned a level 2 spell: Static Discharge
   611 | D:1      | Reached XP level 3. HP: 16/19 MP: 1/7
   854 | D:1      | Learned a level 3 spell: Swiftness
  1308 | D:2      | Reached XP level 4. HP: 23/24 MP: 0/9
  2487 | D:3      | Reached XP level 5. HP: 28/28 MP: 8/11
  2620 | D:3      | Found Jetouwnu's Armour Shop.
  2666 | D:3      | Found a transporter.
  2666 | D:3      | Noticed tinfoiltophat's ghost (novice DjFE)
  2671 | D:3      | Found a transporter.
  2693 | D:3      | Found Quomy's Antique Weapon Boutique.
  2732 | D:3      | Found Ytzogaor's Jewellery Emporium.
  2970 | D:3      | Found Conluj's Weapon Shoppe.
  3136 | D:3      | Found Xihusoeko's Book Emporium.
  3184 | D:4      | Learned a level 4 spell: Airstrike
  3225 | D:4      | Found a glowing golden altar of the Shining One.
  3286 | D:4      | Reached skill level 1 in Fighting
  3417 | D:4      | Found a snail-covered altar of Cheibriados.
  3567 | D:4      | Noticed a black bear
  3572 | D:5      | Entered Level 5 of the Dungeon
  3593 | D:5      | Reached XP level 6. HP: 33/36 MP: 5/13
  3737 | D:5      | Noticed a black bear
  3744 | D:5      | Killed a black bear
  3994 | D:5      | Found a staircase to the Ecumenical Temple.
  4150 | D:5      | Noticed a water moccasin
  4219 | Temple   | Entered the Ecumenical Temple
  4228 | Temple   | Became a worshipper of Vehumet
  4283 | D:5      | Noticed an ice beast
  4294 | D:5      | Killed an ice beast
  4295 | D:5      | Reached skill level 1 in Staves
  4295 | D:5      | Gained mutation: Your magical flight helps you evade
                  | attacks. (EV +4) [Tengu growth]
  4295 | D:5      | Reached XP level 7. HP: 31/43 MP: 4/14
  4394 | D:5      | Found a shadowy altar of Dithmenos.
  4394 | D:5      | Found an ancient bone altar of Kikubaaqudgha.
  4580 | D:5      | Reached skill level 5 in Air Magic
  5383 | D:6      | Noticed Sigmund
  5386 | D:6      | Killed Sigmund
  5387 | D:6      | Reached XP level 8. HP: 48/48 MP: 2/15
  5727 | D:6      | Noticed Duvessa
  5733 | D:6      | Noticed Dowan
  5742 | D:6      | Killed Duvessa
  5749 | D:6      | Killed Dowan
  6513 | D:6      | Noticed Pikel
  6539 | D:6      | Killed Pikel
  6540 | D:6      | Reached skill level 10 in Air Magic
  6540 | D:6      | Reached skill level 5 in Spellcasting
  6540 | D:6      | Upgraded the game from 0.31-a0-810-ga77100ea1a to
                  | 0.31-a0-818-ge7c7cf74f0
  6540 | D:6      | Reached XP level 9. HP: 52/52 MP: 2/17
  7699 | D:7      | Learned a level 6 spell: Plasma Beam
  7714 | D:7      | Reached skill level 1 in Fire Magic
  7980 | D:7      | Reached skill level 2 in Fire Magic
  8371 | D:8      | Reached skill level 3 in Fire Magic
  8558 | D:8      | Reached skill level 4 in Fire Magic
  8797 | D:8      | Noticed Jeremiah
  8992 | D:8      | Reached skill level 5 in Fire Magic
  9226 | D:8      | Reached skill level 6 in Fire Magic
  9322 | D:8      | Reached skill level 7 in Fire Magic
  9330 | D:8      | Reached XP level 10. HP: 10/56 MP: 0/18
  9331 | D:8      | Reached skill level 8 in Fire Magic
 10196 | D:8      | Learned a level 2 spell: Blink
 10275 | D:9      | Noticed Grum
 10279 | D:9      | Reached * piety under Vehumet
 10279 | D:9      | Offered knowledge of Magic Dart by Vehumet.
 10287 | D:8      | Reached skill level 9 in Fire Magic
 10624 | D:9      | Killed Grum
 10788 | D:9      | Found a sparkling altar of Nemelex Xobeh.
 10799 | D:9      | Reached skill level 10 in Fire Magic
 11559 | D:9      | Noticed Joseph
 11567 | D:9      | Killed Joseph
 11568 | D:9      | Reached skill level 11 in Fire Magic
 12153 | D:9      | Found a transporter.
 12369 | D:3      | Bought a book of Storms for 312 gold pieces
 12416 | D:3      | Bought a +1 pair of gloves of strength for 214 gold pieces
 12520 | D:4      | Offered knowledge of Scorch by Vehumet.
 12578 | D:4      | Reached ** piety under Vehumet
 12580 | D:4      | Noticed Robin
 12587 | D:4      | Killed Robin
 13155 | D:4      | Found a stormy altar of Qazlal.
 13708 | D:9      | Found a glowing silver altar of Zin.
 13770 | D:9      | Found a transporter.
 13793 | D:9      | Reached XP level 11. HP: 61/61 MP: 12/22
 13879 | D:10     | Entered Level 10 of the Dungeon
 14853 | D:10     | Found an ornate altar of the Wu Jian Council.
 14862 | D:10     | Found a sacrificial altar of Ru.
 14955 | D:10     | Identified the +6 spear of Lust {spect, rPois Int+4 Dex-2}
 15121 | D:10     | Found a bloodstained altar of Trog.
 15513 | D:11     | Offered knowledge of Mephitic Cloud by Vehumet.
 15629 | D:11     | Noticed an oklob plant
 15629 | D:11     | Noticed an oklob plant
 16443 | D:11     | Found a staircase to the Lair.
 16500 | D:11     | Reached skill level 5 in Fighting
 16767 | D:12     | Noticed a cyclops
 16772 | D:12     | Killed a cyclops
 17017 | D:12     | Noticed a manticore
 17020 | D:12     | Killed a manticore
 17279 | D:12     | Found a staircase to the Orcish Mines.
 17416 | D:12     | Noticed a skeletal warrior
 17500 | D:12     | Noticed a skeletal warrior
 17503 | D:12     | Killed a skeletal warrior
 17504 | D:12     | Reached skill level 10 in Spellcasting
 17512 | D:12     | Noticed a skeletal warrior
 17526 | D:12     | Killed a skeletal warrior
 17527 | D:12     | Reached XP level 12. HP: 55/70 MP: 18/27
 18346 | D:12     | Found a runed translucent gate.
 18347 | D:12     | Found a runed translucent gate.
 18347 | D:12     | Found a runed translucent gate.
 18347 | D:12     | Noticed Newt's ghost (journeyman KoHu)
 18347 | D:12     | Noticed Sundig's ghost (journeyman DgFi)
 18348 | D:12     | Noticed soul19's ghost (journeyman GnIE)
 18740 | Lair:1   | Entered Level 1 of the Lair of Beasts
 18987 | Lair:1   | Reached *** piety under Vehumet
 19633 | Lair:1   | Reached skill level 10 in Fighting
 20168 | Lair:2   | Reached skill level 5 in Dodging
 20553 | Lair:2   | Offered knowledge of Brom's Barrelling Boulder by Vehumet.
 21402 | Lair:3   | Reached XP level 13. HP: 82/82 MP: 15/28
 22650 | Lair:3   | Found a staircase to the Snake Pit.
 22930 | Lair:3   | Reached **** piety under Vehumet
 23341 | Lair:3   | Offered knowledge of Dazzling Flash by Vehumet.
 23445 | Lair:3   | Reached skill level 10 in Dodging
 23761 | Lair:3   | Found a staircase to the Swamp.
 25085 | Lair:3   | Reached skill level 15 in Air Magic
 25258 | Lair:4   | Reached skill level 12 in Fire Magic
 25791 | Lair:4   | Found a staircase to the Slime Pits.
 25792 | Lair:4   | Found a viscous altar of Jiyva.
 25795 | Lair:4   | Reached XP level 14. HP: 88/88 MP: 21/29
 26103 | Lair:5   | Entered Level 5 of the Lair of Beasts
 26139 | Lair:4   | Upgraded the game from 0.31-a0-818-ge7c7cf74f0 to
                  | 0.31-a0-819-gf6de2f5ab6
 27023 | Lair:4   | Reached skill level 13 in Fire Magic
 27244 | Lair:5   | Reached ***** piety under Vehumet
 27416 | Lair:5   | Offered knowledge of Fireball by Vehumet.
 28448 | Lair:5   | Identified the +1 morningstar "Akeonkoy" {flame, rCorr
                  | Str+3}
 28451 | Lair:5   | Identified the +0 chain mail of Icirouboso {rF+}
 28455 | Lair:5   | Identified the +6 shortbow "Fackuro" {freeze, Str+6 Int+3}
 28541 | Lair:5   | Reached skill level 14 in Fire Magic
 29575 | Lair:5   | Reached skill level 15 in Fire Magic
 30216 | Orc:1    | Entered Level 1 of the Orcish Mines
 30505 | Orc:2    | Entered Level 2 of the Orcish Mines
 31068 | Orc:2    | Found a runed translucent door.
 31068 | Orc:2    | Found a shimmering altar of Xom.
 31068 | Orc:2    | Noticed Deaus's ghost (journeyman VSFi)
 31096 | Orc:2    | Found a staircase to the Elven Halls.
 31284 | Orc:2    | Offered knowledge of Eringya's Noxious Bog by Vehumet.
 31556 | Orc:2    | Noticed Blork the orc
 31588 | Orc:2    | Reached XP level 15. HP: 92/92 MP: 2/30
 32065 | Orc:2    | Reached skill level 16 in Fire Magic
 32067 | Orc:2    | Noticed an orc warlord
 33057 | D:13     | Found a gate to the Vaults.
 33190 | D:13     | Reached skill level 17 in Fire Magic
 33275 | D:13     | Reached skill level 1 in Evocations
 34395 | D:14     | Reached skill level 5 in Evocations
 35037 | D:15     | Entered Level 15 of the Dungeon
 35061 | D:15     | Found a staircase to the Depths.
 36171 | D:15     | Found Biteyfo's Antique Weapon Boutique.
 36824 | D:15     | Found the +18 Lear's hauberk
 37485 | Orc:2    | Killed Blork the orc
 37686 | Orc:2    | Found Taekewuq's Antique Armour Emporium.
 37701 | Orc:2    | Found Sytapeu's Jewellery Emporium.
 37739 | Orc:2    | Killed an orc warlord
 37871 | Orc:2    | Found Jeaz's Antique Weapon Emporium.
 37913 | Orc:2    | Found Geluom Issu's General Store.
 38371 | Snake:1  | Entered Level 1 of the Snake Pit
 38383 | Snake:1  | Reached XP level 16. HP: 97/97 MP: 20/31
 38427 | Snake:1  | Noticed Josephine
 38588 | Snake:1  | Killed Josephine
 38588 | Snake:1  | Offered knowledge of Orb of Destruction by Vehumet.
 38590 | Snake:1  | Reached skill level 10 in Evocations
 38931 | Snake:1  | Learned a level 8 spell: Ignition
 39013 | Snake:1  | Found Qabrits's Antique Armour Emporium.
 40761 | Snake:1  | Identified the staff of the Onslaught {rElec rN+ Int-5
                  | Dex+3 Stlth+ Necro}
 42065 | Snake:2  | Noticed a nagaraja
 42238 | Snake:2  | Killed a nagaraja
 43370 | Snake:2  | Reached skill level 18 in Fire Magic
 44330 | Snake:3  | Noticed a nagaraja
 44333 | Snake:3  | Killed a nagaraja
 45028 | Snake:3  | Noticed a nagaraja
 45134 | Snake:3  | Killed a nagaraja
 45135 | Snake:3  | Reached skill level 19 in Fire Magic
 45207 | Snake:3  | Learned a level 7 spell: Orb of Destruction
 45217 | Snake:3  | Found an ornate altar of the Wu Jian Council.
 45274 | Snake:3  | Reached XP level 17. HP: 106/106 MP: 23/32
 45380 | Snake:3  | Reached skill level 5 in Conjurations
 46566 | Snake:4  | Entered Level 4 of the Snake Pit
 46574 | Snake:4  | Offered knowledge of Bombard by Vehumet.
 46923 | Snake:4  | Found Tayh Bal's General Store.
 48166 | Snake:4  | Reached skill level 10 in Conjurations
 48302 | Snake:4  | Noticed Vashnia
 48599 | Snake:4  | HP: 4/106 [Vashnia/bolt (7)]
 48602 | Snake:4  | Shot with a bolt by Vashnia

Illustrated notes

Levels and vault maps discovered:
D:1:      shiori_arrival_whats_in_store_for_you, layout_rooms
D:2:      kennysheep_six_static_rooms, layout_basic, grunt_ministairs_15,
          moated_statue
D:3:      layout_basic, gammafunk_ghost_mausoleum, serial_shops, shop,
          nicolae_shop_back_alley_shop, shop, shop_coins, nicolae_shop_crystal,
          chequers_mini_garden
D:4:      layout_basic, cheibriados_altar_2, mainiacjoe_overflow_alcove_4,
          lemuel_doored_altar, minmay_lizard_king, uniq_robin
D:5:      layout_loops_corners, gammafunk_temple_overflow_statue,
          minmay_temple_entry_hall
D:6:      layout_basic, uniq_sigmund, uniq_duvessa, uniq_pikel
D:7:      layout_rooms
D:8:      layout_loops_ring, minmay_misc_feat_doors, kennysheep_generic_room_5,
          uniq_jeremiah
D:9:      gammafunk_steamed_eel, layout_rooms, lemuel_crystal_altar,
          mainiacjoe_overflow_tiny_flanked, nicolae_elevator_lobby_asterisk,
          uniq_joseph, uniq_grum
D:10:     layout_long_grid, trog_book, mainiacjoe_overflow_catch_the_wave,
          minmay_ruffians
D:11:     layout_loops_ring, dpeg_oklobed_lair, kennysheep_small_circle
D:12:     layout_loops_ring, orc_0_dummy, gammafunk_ghost_cemetery,
          nicolae_elevator_lobby_plus
D:13:     layout_roguey, grunt_vaults_entry_fortified,
          nicolae_houndstooth_variations
D:14:     layout_roguey, kennysheep_generic_room_3
D:15:     grunt_enter_depths_giant_problem, layout_basic, serial_shops,
          nicolae_shop_advertising_works [nicolae_subvault_shop_adworks],
          hellmonk_guarded_unrand_lears
Temple:   hellmonk_temple_flake
Lair:1:   layout_gridlike
Lair:2:   layout_cave_pods, minmay_holes, lemuel_fruit_fields
Lair:3:   layout_cave_pods, nicolae_swamp_entry_splash_gauntlet,
          nicolae_snake_entry_warm_welcome, kennysheep_catoblepas_arena,
          grunt_megastairs_5
Lair:4:   layout_gridlike, minmay_slime_entry_oklob_open,
          gauntlet_entry_generic, nicolae_lair_grove_arrangements,
          serial_bayou_shore_b
Lair:5:   minmay_lair_end_frog_pond, layout_cave_pods, lemuel_fruit_tree
Snake:1:  cheibrodos_snake_lava_hold, layout_chambers, serial_shops, shop,
          uniq_josephine
Snake:2:  layout_cave_shapes
Snake:3:  layout_misc_corridors, basic_altar, drop_trap,
          nicolae_snake_salamander_jacuzzi
Snake:4:  johnstein_snake_rune_scales, layout_layer_cave, basic_altar,
          serial_shops, shop_fountains, nicolae_snake_squiggles
Orc:1:    layout_caves, dreamdust_deal_with_the_devil
Orc:2:    grunt_orc_cross, layout_diamond_mine, ebering_ghost_xom

Skill      XL: |  1  2  3  4  5  6  7  8  9 10 11 12 13 14 15 16 17 |
---------------+----------------------------------------------------+-----
Conjurations   | 2 3 4 10 | 10.7
Spellcasting   | 3 4 5 6 10 | 10.0
Fighting       | 2 4 6 10 12 | 12.0
Staves         | 1 4 |  4.0
Dodging        | 4 6 10 | 10.0
Air Magic      | 6 10 11 12 13 15 17 | 17.1
Fire Magic     | 7 11 12 15 17 19 | 19.0
Evocations     | 9 10 | 10.0
Stealth        | |  2.0

Action                     |  1- 3 |  4- 6 |  7- 9 | 10-12 | 13-15 | 16-18 || total
---------------------------+-------+-------+-------+-------+-------+-------++-------
  Melee: Staff             |    14 |       |    13 |    29 |    58 |       ||   114
         Kick              |     2 |       |     4 |    12 |    30 |     6 ||    54
         Punch             |     1 |       |       |       |     1 |       ||     2
         Peck              |       |       |     4 |     8 |    23 |     2 ||    37
         Morningstar       |       |       |       |       |    28 |       ||    28
         Spear             |       |       |       |       |       |    13 ||    13
   Cast: Shock             |    69 |   116 |    28 |       |       |       ||   213
         Static Discharge  |     7 |    19 |    34 |    21 |    14 |     1 ||    96
         Airstrike         |       |       |    63 |   145 |     1 |     2 ||   211
         Plasma Beam       |       |       |       |   110 |   485 |   279 ||   874
         Blink             |       |       |       |     2 |     1 |     1 ||     4
         Swiftness         |       |       |       |       |     1 |       ||     1
         Ignition          |       |       |       |       |       |    16 ||    16
         Orb of Destructio |       |       |       |       |       |     4 ||     4
  Evoke: Wand              |       |       |    11 |    13 |     2 |     1 ||    27
         Lightning rod     |       |       |       |       |     8 |     5 ||    13
         Phantom mirror    |       |       |       |       |       |     3 ||     3
    Use: Scroll            |     1 |     2 |     9 |     6 |     1 |     4 ||    23
         Potion            |       |       |     3 |     1 |     1 |     1 ||     6
 Armour: Robe              |    16 |     8 |    38 |    92 |   155 |    89 ||   398
  Dodge: Dodged            |    29 |    10 |    46 |   120 |   478 |   103 ||   786

Table legend: (Time is in decaauts)
 A = Elapsed time spent in this place.
 B = Non-inter-level travel time spent in this place.
 C = Inter-level travel time spent in this place.
 D = Time resting spent in this place.
 E = Time spent auto-exploring this place.
 F = Levels seen in this place.
 G = Mean time per level.
                   A        B        C        D        E       F      G
               +--------+--------+--------+--------+--------+-----+--------+
         Total |  48721 |  46640 |   2081 |   7978 |  33287 |  27 | 1804.5 |
       Dungeon |  24409 |  22999 |   1410 |   2292 |  18341 |  15 | 1627.3 |
        Temple |     18 |      9 |      9 |      0 |      0 |   1 |   18.0 |
          Lair |  11771 |  11327 |    444 |   2222 |   7783 |   5 | 2354.2 |
     Snake Pit |   9818 |   9651 |    167 |   3103 |   5269 |   4 | 2454.5 |
  Orcish Mines |   2703 |   2653 |     50 |    361 |   1894 |   2 | 1351.5 |
               +--------+--------+--------+--------+--------+-----+--------+

Top non-repeatable levels by time:
 Snake:1: 3390 daAuts
 Snake:2: 3349 daAuts
  Lair:3: 3207 daAuts
  Lair:5: 3122 daAuts
     D:8: 2681 daAuts
     D:6: 2404 daAuts
    D:12: 2188 daAuts
  Lair:2: 2159 daAuts
   Orc:2: 2106 daAuts
  Lair:4: 2034 daAuts
    D:11: 1838 daAuts
     D:9: 1793 daAuts
    D:15: 1708 daAuts
 Snake:3: 1649 daAuts
    D:13: 1588 daAuts
